 Dungeon Crawl Stone Soup version 0.31-a0-924-ge39a22a033 (webtiles) character file.

Game seed: 5890293317135484642

7968 BinkBink the Carver (level 11, -7/92 HPs)
             Began as a Barachi Berserker on Oct 18, 2023.
             Was a High Priest of Trog.
             Mangled by a boulder beetle (11 damage)
             ... on level 8 of the Dungeon.
             The game lasted 00:25:36 (10041 turns).

BinkBink the Carver (Barachi Berserker)            Turns: 10041, Time: 00:25:37

Health: -7/92      AC: 13    Str: 18    XL:     11   Next: 23%
Magic:  11/11      EV: 19    Int:  7    God:    Trog [*****.]
Gold:   456        SH:  0    Dex: 21    Spells: 10/10 levels left

rFire   . . .        j - +3 scimitar (holy)
rCold   . . .        (no shield)
rNeg    + . .        I - +2 steam dragon scales
rPois   .            F - +0 hat
rElec   .            E - +0 cloak
rCorr   .            w - +0 pair of gloves
SInv    .            f - +0 pair of boots
Will    ++...        (no amulet)
Stlth   ++           i - +6 ring of dexterity
HPRegen 1.00/turn    A - ring of positive energy
MPRegen 0.12/turn

%: no passive effects
@: mighty, strong-willed, spiked, regenerating, studying Long Blades, slow
A: amphibious, slowness 1, strong legs 1, +LOS, clumsy 1, inhibited regeneration
a: Hop, Renounce Religion, Berserk, Trog's Hand, Brothers in Arms


You were on level 8 of the Dungeon.
You worshipped Trog.
Trog was extremely pleased with you.
You visited 1 branch of the dungeon, and saw 8 of its levels.
You also visited: Sewer and Bailey.

You collected 631 gold pieces.
You spent 175 gold pieces at shops.

Inventory:

Hand Weapons
 a - a +0 falchion
 j - a +3 scimitar of holy wrath (weapon)
 P - a +3 shortbow of flaming
Armour
 b - a +3 leather armour
 c - a +0 plate armour
 f - a +0 pair of boots (worn)
 w - a +0 pair of gloves (worn)
 y - the +2 robe "Kilasuss" {rN+ Will+ Int+5}
   (You found it on level 5 of the Dungeon)

   Int+5:     It affects your intelligence (+5).
   rN+:       It protects you from negative energy.
   Will+:     It increases your willpower.
 E - a +0 cloak (worn)
 F - a +0 hat (worn)
 I - +2 steam dragon scales (worn)
Jewellery
 g - a ring of poison resistance
 i - a +6 ring of dexterity (left hand)
 A - a ring of positive energy (right hand)
 J - a ring of see invisible
Wands
 B - a wand of digging (6)
 D - a wand of roots (15)
 G - a wand of flame (38)
 L - a wand of polymorph (6)
 M - a wand of paralysis (7)
Scrolls
 l - 2 scrolls of fear
 m - 2 scrolls of amnesia
 q - a scroll of noise
 s - 2 scrolls of poison
 u - 2 scrolls of summoning
 x - a scroll of teleportation
 K - a scroll of vulnerability
Potions
 d - 2 potions of enlightenment
 e - 2 potions of brilliance
 h - a potion of lignification {unknown}
 n - 2 potions of resistance
 o - 5 potions of haste
 p - 2 potions of degeneration {unknown}
 r - a potion of magic {unknown}
 t - 2 potions of mutation {unknown}
 v - 2 potions of might
 z - 2 potions of attraction {unknown}
 C - 2 potions of curing {unknown}
 O - a potion of invisibility {unknown}


   Skills:
 + Level 10.9 Fighting
 + Level 11.2 Long Blades
 + Level 10.5 Armour
 + Level 9.6 Dodging


You had 10 spell levels left.
You didn't know any spells.
Your spell library was empty.

Dungeon Overview and Level Annotations

Branches:
Dungeon (8/15)             Temple (0/1) D:5           Sewer (visited)
 Bailey (visited)
   Lair: D:8-11

Altars:
Ashenzari
Elyvilon
Fedhas
Gozag
Hepliaklqana
Kikubaaqudgha
Makhleb
Ru
Sif Muna
Uskayaw
Wu Jian
Xom
Yredelemnul
Zin

Shops:
D:2 (   D:3 [

Annotations:
D:5 2 transporters, dertzug's ghost, novice DrSh


Innate Abilities, Weirdness & Mutations

You are amphibious.
You cover ground slowly.
You can hop short distances.
You have an extended range of vision and can be seen from far away.
You are clumsy. (Dex -2)
You do not regenerate when monsters are visible.


Message History

The barbed spikes become lodged in your body.
* * * LOW HITPOINT WARNING * * *
You slash the boulder beetle!
The boulder beetle is severely wounded.
Your ogre barely misses the manticore.
The boulder beetle barely misses you.
The manticore flicks its tail.
The volley of spikes hits you!
The barbed spikes become lodged in your body.
* * * LOW HITPOINT WARNING * * *
It was a potion of might.
You feel very mighty all of a sudden.
Your ogre hits the manticore with a +0 giant club!!!
The manticore dies!
Trog accepts your kill.
The boulder beetle completely misses you.
Hop to where?
Press: ? - help, Dir - move target
Okay, then.
Hop to where?
Press: ? - help, Dir - move target, f - you
Okay, then.
You hit the boulder beetle.
The boulder beetle is severely wounded.
The boulder beetle leaps!
Your ogre completely misses the boulder beetle.
You start resting.
Your ogre rages.
Something bites your ogre! Something bites your ogre!!
Something bites your ogre!!
Your ogre dies!
Your ogre's corpse disappears in a puff of smoke!
You slash the boulder beetle!
The boulder beetle is almost dead.
The boulder beetle bites you!
* * * LOW HITPOINT WARNING * * *
You completely miss the boulder beetle.
The boulder beetle is almost dead.
The boulder beetle bites you!
You die...

####################
#..................#######
##........................#
....#####.#########)#####.#
#.#.##.......##...B..#
..#.#..##.##..#.###.##
..#.#.##..)##.#.@#...#
....#.#.....#.#B###.##
......#.....#....#.B.
.##.#.#.....#.#)###.#
.##.#.##..[##.#..#...
.##.#..#####..#.###.#
.##.##....)..##..# ..
..#.#####.######## #.#.#
#.#


You could see a boulder beetle.

Vanquished Creatures
  An orc high priest (Bailey)
  3 orc knights (Bailey)
  A manticore (D:8)
  2 kobold demonologists
  Grinder (D:5)
  A slime creature (D:8)
  A wraith (D:6)
  3 yaks (D:8)
  3 steam dragons
  Menkaure (D:5)
  2 water moccasins
  9 orc warriors (Bailey)
  Duvessa (D:7)
  2 ogres
  3 ice beasts
  3 centaurs
  2 kobold brigands
  4 bullfrogs
  A scorpion (D:6)
  Dowan (D:6)
  2 electric eels (Bailey)
  3 howler monkeys
  4 crimson imps (D:4)
  A jelly (D:4)
  3 orc priests
  5 iguanas
  Jessica (D:3)
  Terence (D:3)
  2 orc wizards
  A sleepcap (D:5)
  7 gnolls
  11 adders
  3 river rats (Sewer)
  A shadow imp (D:5)
  2 ufetubi (D:6)
  3 worms
  5 dart slugs
  33 orcs
  2 bats (D:2)
  9 endoplasms
  2 giant cockroaches
  13 goblins
  14 hobgoblins
  7 jackals
  12 kobolds
  3 quokkas
  16 ball pythons
  7 frilled lizards
  36 rats
254 creatures vanquished.

Vanquished Creatures (collateral kills)
  A manticore (D:8)
1 creature vanquished.

Grand Total: 255 creatures vanquished

Notes
Turn   | Place    | Note
-------+----------+-------------------------------------------
     0 | D:1      | BinkBink the Barachi Berserker began the quest for the Orb.
     0 | D:1      | Reached XP level 1. HP: 18/18 MP: 1/1
   166 | D:1      | Reached XP level 2. HP: 22/25 MP: 2/2
   384 | D:1      | Noticed an eye of devastation
   386 | D:1      | Noticed a floating eye
   389 | D:1      | Found a faded altar of an unknown god.
   389 | D:1      | Noticed a floating eye
   391 | D:1      | Noticed an eye of devastation
   427 | D:1      | Reached skill level 4 in Long Blades
   451 | D:1      | Reached ** piety under Trog
   452 | D:1      | Reached XP level 3. HP: 30/30 MP: 3/3
   771 | D:2      | Found a white marble altar of Elyvilon.
   813 | D:2      | Reached XP level 4. HP: 37/37 MP: 4/4
   997 | D:2      | Reached XP level 5. HP: 40/43 MP: 5/5
  1049 | D:2      | Reached *** piety under Trog
  1104 | D:2      | Found Vuogg's Antique Weapon Emporium.
  1622 | D:3      | Noticed Terence
  1638 | D:3      | Killed Terence
  1867 | D:3      | Noticed Jessica
  1873 | D:3      | Killed Jessica
  1874 | D:3      | Reached skill level 5 in Long Blades
  2004 | D:3      | Found Weohir's Armour Boutique.
  2048 | D:3      | Noticed a +0 dagger
  2048 | D:3      | Noticed a +0 dagger
  2060 | D:3      | Found a hide-covered altar of Uskayaw.
  2294 | D:4      | Found a white marble altar of Elyvilon.
  2305 | D:4      | Reached skill level 5 in Fighting
  2305 | D:4      | Reached XP level 6. HP: 42/51 MP: 6/6
  2423 | D:4      | Reached **** piety under Trog
  2999 | D:4      | Reached XP level 7. HP: 56/56 MP: 7/7
  3015 | D:4      | Found a shimmering altar of Xom.
  3054 | D:4      | Reached skill level 5 in Armour
  3309 | D:2      | Bought a runed scimitar for 175 gold pieces
  3413 | D:5      | Entered Level 5 of the Dungeon
  3417 | D:5      | Reached skill level 6 in Long Blades
  3450 | D:5      | Noticed Grinder
  3474 | D:5      | Killed Grinder
  3475 | D:5      | Reached skill level 5 in Dodging
  3477 | D:5      | Reached XP level 8. HP: 21/65 MP: 8/8
  3625 | D:5      | Noticed Menkaure
  3789 | D:5      | Killed Menkaure
  3831 | D:5      | Found a transporter.
  3835 | D:5      | Found a transporter.
  3835 | D:5      | Noticed dertzug's ghost (novice DrSh)
  3891 | D:5      | Found a staircase to the Ecumenical Temple.
  3918 | D:5      | Found an ancient bone altar of Kikubaaqudgha.
  3959 | D:5      | Found a basalt altar of Yredelemnul.
  3976 | D:5      | Found a glowing drain.
  3989 | Sewer    | Entered a sewer
  4231 | Sewer    | Reached ***** piety under Trog
  4250 | Sewer    | Reached skill level 7 in Long Blades
  4600 | D:5      | Identified the +2 robe "Kilasuss" {rN+ Will+ Int+5}
  4832 | D:6      | Found a glowing silver altar of Zin.
  5008 | D:6      | Found an ornate altar of the Wu Jian Council.
  5148 | D:6      | Reached XP level 9. HP: 71/72 MP: 9/9
  5385 | D:6      | Reached skill level 8 in Long Blades
  5465 | D:6      | Found an opulent altar of Gozag.
  5659 | D:6      | Found a hazy altar of Hepliaklqana.
  5899 | D:7      | Found a burning altar of Makhleb.
  5948 | D:7      | Found a broken altar of Ashenzari.
  6302 | D:7      | Found a sacrificial altar of Ru.
  6649 | D:7      | Found a blossoming altar of Fedhas.
  7233 | D:7      | Found a shimmering blue altar of Sif Muna.
  7261 | D:7      | Noticed Dowan
  7262 | D:7      | Noticed Duvessa
  7339 | D:7      | Killed Duvessa
  7504 | D:6      | Killed Dowan
  7534 | Bailey   | Identified the "Coireota"
  7534 | D:8      | Noticed a four-headed hydra
  7654 | D:8      | Noticed a manticore
  7660 | D:8      | Killed a manticore
  7661 | D:8      | Reached skill level 9 in Long Blades
  7848 | D:8      | Reached XP level 10. HP: 72/83 MP: 10/10
  7952 | D:8      | Found a flagged portal.
  7961 | Bailey   | Entered a bailey
  7990 | Bailey   | Noticed an orc knight
  8144 | Bailey   | Killed an orc knight
  8258 | Bailey   | Noticed a kobold demonologist
  8454 | Bailey   | Identified the +0 ring mail of the Onion {rC+}
  8612 | Bailey   | Found an iron altar of Okawaru.
  8616 | Bailey   | Noticed an orc high priest
  8618 | Bailey   | Noticed a sun demon
  8621 | Bailey   | Noticed a rust devil
  8787 | Bailey   | Noticed a sun demon
  8787 | Bailey   | Noticed a soul eater
  8790 | Bailey   | Killed an orc high priest
  8791 | Bailey   | Reached skill level 10 in Fighting
  8791 | Bailey   | Reached skill level 10 in Long Blades
  8897 | Bailey   | Noticed an orc knight
  8904 | Bailey   | Noticed an orc knight
  9008 | Bailey   | Noticed a sixfirhy
  9010 | Bailey   | Killed an orc knight
  9021 | Bailey   | Gained mutation: You are clumsy. (Dex -2) [a neqoxec]
  9027 | Bailey   | Gained mutation: You do not regenerate when monsters are
                  | visible. [a neqoxec]
  9169 | Bailey   | Killed an orc knight
  9170 | Bailey   | Reached skill level 10 in Armour
  9428 | Bailey   | Killed a kobold demonologist
  9429 | Bailey   | Reached XP level 11. HP: 90/92 MP: 11/11
  9715 | D:7      | Acquired a manual of Long Blades
  9807 | D:8      | Reached skill level 11 in Long Blades
  9817 | D:8      | Noticed a manticore
  9997 | D:8      | Noticed a boulder beetle
 10031 | D:8      | HP: 1/92 [manticore/volley of spikes (15)]
 10032 | D:8      | Killed a manticore
 10040 | D:8      | HP: 3/92 [boulder beetle (8)]
 10041 | D:8      | Mangled by a boulder beetle

Illustrated notes

Levels and vault maps discovered:
D:1:      minmay_arrival_cross, layout_basic,
          hellmonk_ecumenical_altar_watching_god, serial_forest,
          infiniplex_forest_lined_1, infiniplex_forest_clump_curved,
          infiniplex_forest_straight_4, infiniplex_forest_zigzag_2,
          infiniplex_forest_clump_cross, infiniplex_forest_lined_1, minivault_14
D:2:      kennysheep_the_goblin_king, layout_loops_ring, basic_altar,
          serial_shops, shop, kennysheep_pointless_box
D:3:      layout_loops_cross, dancing_weapons_uskayaw, serial_shops, shop,
          uniq_terence, uniq_jessica
D:4:      layout_basic, elyvilon_altar_5, led_xom_imps
D:5:      layout_cave_pools, yredelemnul_altar_generic,
          kiku_gazebo_garden_becter, minmay_temple_entry_glassed_door,
          gammafunk_ghost_mausoleum, portal_sewer_entry_d, uniq_grinder,
          uniq_menkaure
D:6:      layout_loops_ring, marbit_many_paths, old_standard_altar,
          nicolae_gozag_cash_rules_everything_around_me, amcnicky_altar_gilded
D:7:      layout_layer_cave, fedhas_ov_isle_minmay, lemuel_crystal_altar,
          mainiacjoe_overflow_tiny_flanked, cheibrodos_ashenzari_chains,
          lemuel_crystal_altar, uniq_duvessa
D:8:      layout_cave_pods, enter_bailey_2, serial_park, serial_park_gazebo
          [serial_park_minivault_5x5_2], serial_park_avenue1,
          serial_park_tiny_2, serial_park_tiny_1, serial_park_tiny_2,
          minmay_the_grid_2x2 [minmay_the_grid_dragon_b, minmay_the_grid_slots,
          minmay_the_grid_paths, minmay_the_grid_prize_big_room], uniq_jeremiah

Skill      XL: |  1  2  3  4  5  6  7  8  9 10 11 |
---------------+----------------------------------+-----
Long Blades    | 4 5 6 7 9 10 11 | 11.2
Fighting       | 4 5 6 7 9 10 | 10.9
Armour         | 3 4 5 7 8 10 | 10.5
Dodging        | 3 4 5 6 7 9 |  9.6

Action                     |  1- 3 |  4- 6 |  7- 9 | 10-12 || total
---------------------------+-------+-------+-------+-------++-------
  Melee: Falchion          |   121 |   229 |    36 |       ||   386
         Punch             |     2 |     2 |    10 |     3 ||    17
         Scimitar          |       |       |   292 |   277 ||   569
 Invoke: Trog's Hand       |       |     1 |     1 |     1 ||     3
         Brothers in Arms  |       |       |       |     1 ||     1
Ability: Hop               |       |     2 |     2 |     2 ||     6
    Use: Potion            |       |     1 |     1 |     5 ||     7
         Scroll            |       |       |    15 |     4 ||    19
   Stab: Sleeping          |     3 |     3 |     3 |       ||     9
         Distracted        |       |       |     2 |       ||     2
 Armour: Leather armour    |    49 |   116 |   159 |       ||   324
         Plate armour      |     1 |       |    25 |       ||    26
         Animal skin       |     1 |       |       |       ||     1
         Steam dragon scal |       |       |    58 |   111 ||   169
         Skin              |       |       |     2 |       ||     2
  Dodge: Dodged            |    52 |   152 |   311 |   151 ||   666

Table legend: (Time is in decaauts)
 A = Elapsed time spent in this place.
 B = Non-inter-level travel time spent in this place.
 C = Inter-level travel time spent in this place.
 D = Time resting spent in this place.
 E = Time spent auto-exploring this place.
 F = Levels seen in this place.
 G = Mean time per level.
                   A        B        C        D        E       F      G
               +--------+--------+--------+--------+--------+-----+--------+
         Total |  11162 |  10583 |    579 |   1935 |   5938 |  10 | 1116.2 |
       Dungeon |   8915 |   8336 |    579 |    941 |   5369 |   8 | 1114.4 |
         Sewer |    541 |    541 |      0 |    217 |    145 |   1 |  541.0 |
        Bailey |   1706 |   1706 |      0 |    776 |    424 |   1 | 1706.0 |
               +--------+--------+--------+--------+--------+-----+--------+

Top non-repeatable levels by time:
     D:7: 2026 daAuts
  Bailey: 1706 daAuts
     D:4: 1252 daAuts
     D:6: 1240 daAuts
     D:3: 1086 daAuts
     D:2: 1008 daAuts
     D:8: 847 daAuts
     D:1: 842 daAuts
     D:5: 610 daAuts
   Sewer: 541 daAuts
